 Dungeon Sprint DCSS version 0.19.0-22-gd96e5fe (webtiles) character file.

2279 equalderp2856 the Imperceptible (level 9, -12/44 HPs)
             Began as a Felid Fighter on Nov 18, 2016.
             Mangled by a death yak (26 damage)
             ... in the Dungeon (Sprint III: "The Ten Rune Challenge").
             The game lasted 00:13:13 (2934 turns).

equalderp2856 the Imperceptible (Felid Fighter)     Turns: 2934, Time: 00:13:13

Health: -12/44     AC:  2    Str: 13    XL:     9   Next: 16%
Magic:  10/10      EV: 29    Int: 12    God:
Gold:   6962       SH:  0    Dex: 16    Spells: 0 memorised, 8 levels left
                                        Lives:  0   Deaths: 3

rFire  . . .     SeeInvis +       - Unarmed
rCold  . . .     Gourm    .     (armour unavailable)
rNeg   . . .     Faith    .     (shield unavailable)
rPois  .         Spirit   .     (helmet unavailable)
rElec  .         Reflect  .     (cloak unavailable)
rCorr  .         Harm     .     (gloves unavailable)
MR     +....     NoTele   +     (boots unavailable)
Stlth  +++++++++.               (no amulet)
                                (no ring)
                                (no ring)

@: quick
A: no armour, no weapons or thrown items, stealth, claws 1, fangs 3, see
invisible, carnivore 3, speed 1, shaggy fur 2, slow metabolism 1, sharp paws
a: no special abilities


You were in the Dungeon.
You were not hungry.

You visited 1 branch You collected 7182 gold pieces.
You spent 220 gold pieces at shops.

Inventory:

Wands
 r - a wand of enslavement (13/24)
Scrolls
 d - a scroll of recharging
 h - 2 scrolls of blinking
 k - a scroll of torment
 l - a scroll of identify
 m - 3 scrolls of remove curse
 q - a scroll of holy word
Potions
 c - 2 potions of curing
 e - a potion of haste
 f - 2 potions of magic
 g - a potion of berserk rage
 i - 2 potions of degeneration
 j - 3 potions of mutation
 o - a potion of brilliance
 p - 3 potions of flight
Miscellaneous
 s - a fan of gales
Comestibles
 b - a meat ration
 n - 2 royal jellies


   Skills:
 + Level 8.2 Fighting
 + Level 13.3 Dodging
 * Level 22.1 Stealth
 + Level 18.1 Unarmed Combat


You had 8 spell levels left.
You didn't know any spells.

Dungeon Overview and Level Annotations

Branches:
Dungeon (1/1)

Altars:
Cheibriados
Dithmenos
Elyvilon
Fedhas
Gozag
Hepliaklqana
Kikubaaqudgha
Makhleb
Nemelex Xobeh
Okawaru
Qazlal
Ru
Sif Muna
Trog
Uskayaw
Vehumet
Xom
Yredelemnul
Zin
The Shining One
Beogh
Jiyva
Lugonu

Shops:
D =?

Annotations:
D Gastronok, Ilsuiw, Polyphemus


Innate Abilities, Weirdness & Mutations

You cannot wear armour.
You are incapable of wielding weapons or throwing items.
Your paws allow you to move quietly. (Stealth)
You have sharp claws.
You have razor-sharp teeth.
You have supernaturally acute eyesight. (SInv)
You are carnivorous and can eat meat at any time.
You cover ground quickly.
You are covered in thick fur. (AC +2)
You have a slow metabolism.
Your sharp claws are effective at attacking unaware monsters.


Message History

The death yak is moderately wounded.
You mangle the death yak!!
The death yak is heavily wounded.
The blink frog blinks!
The death yak misses you.
You mangle the death yak!!
The death yak is almost dead.
The death yak gores you!!
You scratch the death yak but do no damage.
The death yak is almost dead.
The death yak barely misses you.
You barely miss the death yak.
You bite the death yak, but do no damage.
The death yak is almost dead.
The blink frog blinks!
The death yak gores you!
You scratch the death yak but do no damage.
You claw the death yak.
The death yak is almost dead.
The death yak closely misses you. The death yak gores you!!
Ouch! That really hurt!
You die...

▓.PP#≈YY§§§≈≈≈††..†.†#†≈♣♣
▓..P#≈≈Y§≈≈≈≈≈♣♣♣♣♣♣♣#.†♣
▓..w#.≈.≈≈≈≈≈≈♣ ###+
▓##+####+######
############+♣
#≈P..........♣
..+≈≈...########♣♣
JJ#≈≈≈.@YSS....PP♣
..#≈≈≈≈PYYF.....P♣ #
###########'##########
▓≈S≈≈≈≈≈≈≈≈≈ ▓≈≈≈≈≈≈≈≈≈≈≈
▓≈≈≈.Y≈≈≈≈≈. ▓≈≈.CY†F≈≈..
▓≈≈≈.Y≈≈≈≈≈. ▓≈≈≈≈≈≈≈≈≈≈.


You could see 2 azure jellies, 3 death yaks, 2 black mambas and a blink frog.

Vanquished Creatures
  A deep elf annihilator (D)
  Snorg (D)
  A centaur warrior (D)
  An orc high priest (D)
  A deep elf knight (D)
  An unseen horror (D)
  An orc knight (D)
  5 deep elf magi (D)
  2 spiny frogs (D)
  A rime drake (D)
  A komodo dragon (D)
  3 wandering mushrooms (D)
  5 blink frogs (D)
  A dream sheep (D)
  A shadow (D)
  A spatial vortex (D)
  3 orc warriors (D)
  A swamp drake (D)
  A necrophage (D)
  2 centaurs (D)
  An earth elemental (D)
  A water elemental (D)
  A scorpion (D)
  2 orc priests (D)
  A jelly (D)
  A wizard (D)
  A necromancer (D)
  5 orc wizards (D)
  A kobold demonologist (D)
  3 humans (D)
  6 orcs (D)
  4 rats (D)
61 creatures vanquished.

Vanquished Creatures (others)
  2 draconian scorchers (D)
  6 hellions (D)
  2 yaktaurs (D)
  An electric eel (D)
  3 plants (D)
14 creatures vanquished.

Grand Total: 75 creatures vanquished

Notes
Turn   | Place    | Note
-------+----------+-------------------------------------------
     0 | D        | equalderp2856 the Felid Fighter began the quest for the Orb.
     0 | D        | Reached XP level 1. HP: 10/10 MP: 2/2
    36 | D        | Killed a yaktaur
    62 | D        | Killed a yaktaur
    71 | D        | Noticed a scorpion
    77 | D        | Killed a hellion
    77 | D        | Killed a hellion
    90 | D        | Reached skill level 5 in Dodging
    90 | D        | Reached skill level 1 in Stealth
    90 | D        | Reached skill level 5 in Unarmed Combat
    90 | D        | Reached XP level 2. HP: 9/15 MP: 3/3
   126 | D        | Killed a hellion
   127 | D        | Killed a hellion
   128 | D        | Killed a hellion
   138 | D        | Killed a hellion
   181 | D        | Killed a white draconian scorcher
   207 | D        | Killed a white draconian scorcher
   212 | D        | Killed a scorpion
   212 | D        | Reached skill level 4 in Stealth
   212 | D        | Reached XP level 3. HP: 7/18 MP: 4/4
   212 | D        | Reached XP level 4. HP: 9/22 MP: 5/5
   410 | D        | Noticed a water elemental
   413 | D        | Killed a water elemental
   413 | D        | Reached skill level 5 in Stealth
   417 | D        | Found a radiant altar of Vehumet.
   417 | D        | Found a deep blue altar of Sif Muna.
   417 | D        | Found an ancient bone altar of Kikubaaqudgha.
   417 | D        | Noticed a wizard
   419 | D        | Killed a wizard
   419 | D        | Reached skill level 5 in Fighting
   419 | D        | Reached XP level 5. HP: 26/26 MP: 6/6
   421 | D        | Reached skill level 6 in Stealth
   431 | D        | Found a glowing silver altar of Zin.
   431 | D        | Found a glowing golden altar of the Shining One.
   431 | D        | Found a white marble altar of Elyvilon.
   432 | D        | Noticed a deep elf mage
   435 | D        | Noticed a neqoxec
   439 | D        | Killed a deep elf mage
   439 | D        | Reached skill level 10 in Stealth
   439 | D        | Gained mutation: You are covered in thick fur. (AC +2) [Felid growth]
   439 | D        | Reached XP level 6. HP: 31/31 MP: 7/7
   439 | D        | Reached XP level 7. HP: 35/35 MP: 8/8
   445 | D        | Found a hide-covered altar of Uskayaw.
   445 | D        | Found a roughly hewn altar of Beogh.
   445 | D        | Found an iron altar of Okawaru.
   445 | D        | Found a bloodstained altar of Trog.
   445 | D        | Noticed a human
   446 | D        | Noticed a human
   793 | D        | Killed a human
  1028 | D        | Killed a human
  1028 | D        | Reached skill level 10 in Dodging
  1028 | D        | Reached skill level 11 in Stealth
  1099 | D        | Found a basalt altar of Yredelemnul.
  1099 | D        | Found a shadowy altar of Dithmenos.
  1099 | D        | Found a sacrificial altar of Ru.
  1112 | D        | Noticed a shadow
  1115 | D        | Killed a shadow
  1115 | D        | Reached skill level 12 in Stealth
  1115 | D        | Reached XP level 8. HP: 40/40 MP: 9/9
  1147 | D        | Found a blossoming altar of Fedhas.
  1147 | D        | Found a stormy altar of Qazlal.
  1147 | D        | Found a snail-covered altar of Cheibriados.
  1147 | D        | Found a burning altar of Makhleb.
  1147 | D        | Found a shimmering altar of Xom.
  1148 | D        | Found a hazy altar of Hepliaklqana.
  1148 | D        | Found an opulent altar of Gozag.
  1148 | D        | Found a sparkling altar of Nemelex Xobeh.
  1148 | D        | Found a corrupted altar of Lugonu.
  1148 | D        | Found a viscous altar of Jiyva.
  1197 | D        | Noticed Snorg
  1200 | D        | Killed Snorg
  1200 | D        | Reached skill level 14 in Stealth
  1200 | D        | Reached XP level 9. HP: 43/43 MP: 10/10
  1209 | D        | Noticed an orc knight
  1209 | D        | Noticed an orc high priest
  1272 | D        | Reached skill level 15 in Stealth
  1280 | D        | Killed an orc high priest
  1280 | D        | Reached skill level 16 in Stealth
  1677 | D        | Killed an orc knight
  1677 | D        | Reached skill level 17 in Stealth
  1997 | D        | Reached skill level 15 in Unarmed Combat
  2008 | D        | Found Muosat's Magic Scroll Shoppe.
  2043 | D        | Noticed a deep elf mage
  2043 | D        | Noticed a deep elf mage
  2043 | D        | Noticed a deep elf mage
  2043 | D        | Noticed a deep elf knight
  2043 | D        | Noticed a deep elf mage
  2064 | D        | Bought a scroll of recharging for 95 gold pieces
  2064 | D        | Bought a scroll of identify for 20 gold pieces
  2064 | D        | Bought a scroll of blinking for 75 gold pieces
  2064 | D        | Bought a scroll of remove curse for 30 gold pieces
  2128 | D        | Killed a deep elf mage
  2128 | D        | Reached XP level 10. HP: 48/48 MP: 11/11
  2174 | D        | Killed from afar by a deep elf knight
  2175 | D        | Reached XP level 9. HP: -26/44 MP: 10/10
  2186 | D        | Killed a deep elf knight
  2186 | D        | Reached skill level 18 in Stealth
  2354 | D        | Killed a deep elf mage
  2358 | D        | Killed a deep elf mage
  2392 | D        | Killed a deep elf mage
  2392 | D        | Reached skill level 19 in Stealth
  2420 | D        | Noticed a deep elf annihilator
  2423 | D        | Killed a deep elf annihilator
  2423 | D        | Reached XP level 10. HP: 16/48 MP: 11/11
  2647 | D        | Noticed a deep elf mage
  2650 | D        | Noticed a deep elf annihilator
  2651 | D        | Noticed a deep elf mage
  2699 | D        | Noticed a centaur warrior
  2704 | D        | Killed a centaur warrior
  2704 | D        | Reached skill level 20 in Stealth
  2726 | D        | Noticed an unseen horror
  2728 | D        | Killed an unseen horror
  2806 | D        | Noticed a spiny frog
  2806 | D        | Noticed a spiny frog
  2809 | D        | Killed a spiny frog
  2810 | D        | Killed a spiny frog
  2810 | D        | Reached skill level 21 in Stealth
  2822 | D        | Reached XP level 11. HP: 51/51 MP: 12/12
  2880 | D        | Reached skill level 22 in Stealth
  2897 | D        | Noticed a dire elephant
  2897 | D        | Noticed a dire elephant
  2897 | D        | Noticed Gastronok
  2906 | D        | Slain by a dire elephant
  2907 | D        | Reached XP level 10. HP: -2/48 MP: 11/11
  2907 | D        | Noticed a death yak
  2907 | D        | Noticed a death yak
  2907 | D        | Noticed a black mamba
  2907 | D        | Noticed a death yak
  2907 | D        | Noticed a black mamba
  2908 | D        | Noticed Polyphemus
  2909 | D        | Noticed a death yak
  2913 | D        | Noticed Ilsuiw
  2914 | D        | Found Figg's Jewellery Shoppe.
  2914 | D        | Noticed a sea snake
  2918 | D        | Slain by a death yak
  2919 | D        | Reached XP level 9. HP: 0/44 MP: 10/10
  2926 | D        | Noticed an azure jelly
  2926 | D        | Noticed an azure jelly
  2934 | D        | Mangled by a death yak

Skill      XL: |  1  2  3  4  5  6  7  8  9 10 11 |
---------------+----------------------------------+-----
Dodging        | 5 6 7 9 10 11 12 13 | 13.3
Stealth        | 1 4 5 10 12 14 19 21 22 | 22.1
Unarmed Combat | 5 6 8 11 12 13 16 17 18 | 18.1
Fighting       | 4 5 6 7 8 |  8.2

Action                   |  1- 3 |  4- 6 |  7- 9 | 10-12 || total
-------------------------+-------+-------+-------+-------++-------
Melee: Unarmed           |    28 |     9 |   131 |    65 ||   233
       Bite              |     1 |       |    16 |     2 ||    19
       Punch             |       |       |     4 |     5 ||     9
  Use: Scroll            |       |       |     5 |       ||     5
       Potion            |       |       |     2 |       ||     2
 Stab: Sleeping          |     2 |     3 |     5 |    10 ||    20
       Distracted        |       |       |     3 |       ||     3
  Eat: Chunk             |     3 |       |       |       ||     3
Armor: Skin              |       |       |       |     2 ||     2
Dodge: Dodged            |    16 |     5 |    68 |    49 ||   138
